 Dungeon Crawl Stone Soup version 0.28-a0-533-g9f97627e2a (webtiles) character file.

Game seed: 1786124755395135934

1216 Conn the Magician (level 8, -3/70 HPs)
             Began as an Octopode Fire Elementalist on Sept 26, 2021.
             Was an Initiate of Sif Muna.
             Slain by a fire bat (8 damage)
             ... on level 6 of the Dungeon.
             The game lasted 00:11:34 (5157 turns).

Conn the Magician (Octopode Fire Elementalist)      Turns: 5157, Time: 00:11:35

Health: -3/70      AC:  1    Str:  7    XL:     8   Next: 46%
Magic:  0/16       EV: 17    Int: 22    God:    Sif Muna [......]
Gold:   41         SH:  0    Dex: 12    Spells: 2/18 levels left

rFire   . . .      SeeInvis .   b - staff of conjuration
rCold   . . .      Faith    .   (no shield)
rNeg    . . .      Spirit   +   (helmet restricted)
rPois   +          Reflect  .   h - amulet of guardian spirit
rElec   .          Harm     .   n - ring "Toast" {*Slow rPois EV+4 Int+2}
rCorr   .          Rampage  .   (no ring)
Will    .....                   (no ring)
Stlth   ..........              (no ring)
HPRegen 0.21/turn               (no ring)
MPRegen 0.15/turn               (no ring)
                                (no ring)
                                (no ring)

@: berserking (expiring), very quick
A: almost no armour, amphibious, 8 rings, camouflage 1, gelatinous body 1,
(nimble swimmer 1), tentacles
a: Renounce Religion


You were on level 6 of the Dungeon.
You worshipped Sif Muna.
Sif Muna was noncommittal.
You visited 2 branches of the dungeon, and saw 7 of its levels.

You collected 146 gold pieces.
You spent 105 gold pieces at shops.

Inventory:

Hand Weapons
 a - a +1 dagger of venom
 e - a +0 dagger
Armour
 i - a +0 buckler
Magical Staves
 b - a staff of conjuration (weapon)
Jewellery
 h - an amulet of guardian spirit (around mantle)
 n - the ring "Toast" (left tentacle) {*Slow rPois EV+4 Int+2}
   (You found it on level 4 of the Dungeon)

   [ring of evasion]

   EV:        It affects your evasion (+4).
   Int:       It affects your intelligence (+2).
   rPois:     It protects you from poison.
   *Slow:     It may slow you when you take damage.
Wands
 q - a wand of polymorph (7)
Scrolls
 g - 4 scrolls of identify {unknown}
 k - a scroll of amnesia {unknown}
 l - a scroll of noise {unknown}
 p - a scroll of blinking
Potions
 c - 3 potions of curing
 f - a potion of haste
 j - a potion of flight {unknown}
 o - a potion of degeneration {unknown}
 r - a potion of brilliance {unknown}
 s - a potion of heal wounds


   Skills:
 + Level 0.6 Fighting
 + Level 2.3 Staves
 + Level 2.7 Dodging
 + Level 4.0 Stealth
 + Level 5.6 Spellcasting
 * Level 4.8 Conjurations
 * Level 5.5 Fire Magic
 * Level 0.9 Air Magic


You had 2 spell levels left.
You knew the following spells:

 Your Spells              Type           Power      Damage    Failure   Level
a - Foxfire               Conj/Fire      100%       2x1d9     1%          1
b - Conjure Flame         Conj/Fire      43%        6-21      3%          3
c - Inner Flame           Hex/Fire       18%        N/A       9%          3
d - Flame Wave            Conj/Fire      43%        3d9       11%         4
e - Scorch                Fire           60%        2d8       1%          2
f - Mephitic Cloud        Conj/Pois/Air  21%        N/A       13%         3

Your spell library contained the following spells:

 Spells                   Type           Power      Damage    Failure   Level
 Animate Skeleton         Necr           12%        N/A       10%         1
 Apportation              Tloc           12%        N/A       10%         1
 Summon Small Mammal      Summ           24%        N/A       10%         1
 Slow                     Hex            6%         N/A       14%         2
 Sublimation of Blood     Necr           3%         N/A       14%         2
 Wereblood                Tmut           6%         N/A       14%         2
 Ignite Poison            Fire/Tmut/Pois 14%        N/A       13%         3
 Confusing Touch          Hex            6%         N/A       28%         3
 Freezing Cloud           Conj/Ice/Air   10%        6-21      77%         5
 Yara's Violent Unravell  Hex/Tmut       3%         3d4       95%         5
 Summon Hydra             Summ           3%         N/A       100%        7


Dungeon Overview and Level Annotations

Branches:
Dungeon (6/15)             Temple (1/1) D:4

Altars:
Dithmenos
Elyvilon
Gozag
Hepliaklqana
Kikubaaqudgha
Makhleb
Ru
Sif Muna
Trog
Uskayaw
Yredelemnul
The Shining One

Shops:
D:5 ?


Innate Abilities, Weirdness & Mutations

You cannot wear most types of armour.
You are amphibious.
You can wear up to eight rings at the same time.
Your skin changes colour to match your surroundings (Stealth+).
Your rubbery body absorbs attacks. (AC +1, EV +1)
((You are camouflaged near water. (Stealth+)))
You have tentacles for arms and can constrict up to eight enemies at once.


Message History

Aim: a steam dragon (will become a fire bat, a tengu, or a swamp drake, chance to affect: 46%)
The steam dragon resists with some effort.
Aiming: Polymorph
Press: ? - help, Shift-Dir - straight line, f/p - steam dragon
Aim: a steam dragon (will become a fire bat, a tengu, or a swamp drake, chance to affect: 46%)
The steam dragon evaporates and reforms as a fire bat!
The fire bat barely misses you.
Casting: Inner Flame (dangerous; 9% risk of failure)
Confirm with . or Enter, or press ? or * to list all spells.
Okay, then.
Unknown command.
Aiming: Polymorph
Press: ? - help, Shift-Dir - straight line, f/p - fire bat
Aim: a fire bat (will become an acid dragon, a steam dragon, or a swamp drake, chance to affect: 54%)
Okay, then.
Unknown command.
Unknown command.
As you read the scroll labelled NOAWKIECOUKK, it crumbles to dust.
You feel strangely unstable.
It was a scroll of teleportation.
The fire bat bites you.
You are engulfed in flames.
The fire bat bites you.
You are engulfed in flames!
* * * LOW HITPOINT WARNING * * *
Your surroundings seem slightly different.
Okay, then.
A red film seems to cover your vision as you go berserk!
You feel yourself moving faster!
You feel mighty! The fire bat misses you.
You hit the fire bat! Your grab misses the fire bat.
Your squeeze misses the fire bat.
The fire bat is heavily wounded.
The fire bat bites you.
* * * LOW HITPOINT WARNING * * *
You are engulfed in flames!
* * * LOW HITPOINT WARNING * * *
The fire bat bites you but does no damage.
You miss the fire bat. Your grab misses the fire bat.
The fire bat is moderately wounded.
The fire bat bites you.
* * * LOW HITPOINT WARNING * * *
You are engulfed in flames!
You die...

#####(........#########.#
..............# #.#
##..........# #.#
#..........# #D#
####..........# #..
#.............# #.o
####.##..........# #.#
.................#
###.####.......b@#
..........########
###.#####.# ....### ##
##..#.. ##..#.# ...<#.#
###.#.# ......#


You could see a fire bat.

Vanquished Creatures
  A black bear (D:5)
  An ogre (D:5)
  2 scorpions
  2 wyvern skeletons
  4 killer bees (D:4)
  A bullfrog zombie (D:5)
  6 hounds
  2 orc priests (D:4)
  A bullfrog skeleton (D:5)
  An iguana (D:5)
  3 orc wizards
  A scorpion zombie (D:5)
  A hound zombie (D:5)
  A hound skeleton (D:5)
  A mummy (D:5)
  4 adders
  A white imp (D:6)
  2 adder skeletons
  A worm (D:2)
  5 dart slugs
  12 orcs
  4 bats
  12 endoplasms
  4 giant cockroaches
  11 goblins
  10 hobgoblins
  4 quokkas
  16 ball pythons
  3 frilled lizards
  2 kobolds
  6 rats
125 creatures vanquished.

Vanquished Creatures (collateral kills)
  A foxfire (D:3)
1 creature vanquished.

Vanquished Creatures (others)
  An adder (D:6)
  478 foxfires
  3 plants (D:3)
482 creatures vanquished.

Grand Total: 608 creatures vanquished

Notes
Turn   | Place    | Note
-------+----------+-------------------------------------------
     0 | D:1      | Conn the Octopode Fire Elementalist began the quest for the
                  | Orb.
     0 | D:1      | Reached XP level 1. HP: 11/11 MP: 3/3
   222 | D:1      | Reached XP level 2. HP: 17/17 MP: 3/5
   758 | D:1      | Reached XP level 3. HP: 21/21 MP: 2/6
   799 | D:1      | Found a faded altar of an unknown god.
  1672 | D:3      | Reached XP level 4. HP: 26/27 MP: 5/8
  2126 | D:3      | Reached XP level 5. HP: 31/31 MP: 4/9
  2486 | D:4      | Found a staircase to the Ecumenical Temple.
  2543 | D:5      | Entered Level 5 of the Dungeon
  2550 | D:5      | Reached skill level 1 in Staves
  2593 | D:4      | Reached XP level 6. HP: 9/36 MP: 0/11
  2826 | D:4      | Learned a level 3 spell: Conjure Flame
  2830 | D:4      | Learned a level 3 spell: Inner Flame
  2835 | D:4      | Learned a level 4 spell: Flame Wave
  3173 | D:4      | Found a basalt altar of Yredelemnul.
  3278 | D:4      | Reached XP level 7. HP: 37/42 MP: 2/12
  3511 | D:4      | Identified the ring "Toast" {*Slow rPois EV+4 Int+2}
  3597 | D:4      | Found an opulent altar of Gozag.
  3663 | D:4      | Found a white marble altar of Elyvilon.
  3796 | D:5      | Found a hide-covered altar of Uskayaw.
  3799 | D:5      | Found a sacrificial altar of Ru.
  3837 | D:5      | Found Vatwenko's Magic Scroll Boutique.
  3854 | D:5      | Bought a scroll of blinking for 105 gold pieces
  3967 | D:5      | Reached skill level 5 in Fire Magic
  4278 | D:5      | Reached XP level 8. HP: 47/47 MP: 9/15
  4332 | D:5      | Reached skill level 5 in Spellcasting
  4788 | Temple   | Entered the Ecumenical Temple
  4803 | Temple   | Became a worshipper of Sif Muna the Loreminder
  4991 | D:6      | Learned a level 2 spell: Scorch
  4995 | D:6      | Learned a level 3 spell: Mephitic Cloud
  5157 | D:6      | Slain by a fire bat

Illustrated notes

Levels and vault maps discovered:
D:1:      minmay_arrival_hallway, layout_basic,
          hellmonk_ecumenical_altar_lost_god
D:2:      layout_basic
D:3:      layout_rooms, hangedman_abyss_or_decor_stabs,
          minmay_stone_trees_small, minmay_shallow_snake_nest
D:4:      layout_cave_pools, kennysheep_ying_yang, general_overflow_altar,
          minmay_temple_entry_tees, solitary_fountain, minmay_checkerbox
D:5:      layout_cave_pools, nicolae_overflow_hidden_temple,
          gup_ossuary_entry_pyramid, serial_shops, nicolae_square_shop,
          chequers_serial_rivers_large_a
D:6:      layout_basic
Temple:   eino_wide_crystal_templ

Skill      XL: |  1  2  3  4  5  6  7  8 |
---------------+-------------------------+-----
Stealth        | 3 4 |  4.0
Spellcasting   | 3 4 5 |  5.6
Conjurations   | 2 3 4 |  4.8
Fire Magic     | 4 5 |  5.5
Staves         | 1 2 |  2.3
Fighting       | |  0.6
Dodging        | |  2.7
Air Magic      | |  0.9

Action                   |  1- 3 |  4- 6 |  7- 9 || total
-------------------------+-------+-------+-------++-------
Melee: Unarmed           |    10 |       |       ||    10
       Constrict         |     3 |     2 |     4 ||     9
       Dagger            |     2 |       |       ||     2
       Staff             |       |    12 |    10 ||    22
       Tentacles         |       |     1 |       ||     1
 Cast: Foxfire           |    73 |   101 |   100 ||   274
       Inner Flame       |       |       |     4 ||     4
Evoke: Wand              |       |       |     2 ||     2
  Use: Potion            |       |     4 |     3 ||     7
       Scroll            |       |       |     1 ||     1
Armor: Skin              |     4 |     1 |     2 ||     7
Dodge: Dodged            |    15 |    13 |    17 ||    45

Table legend: (Time is in decaauts)
 A = Elapsed time spent in this place.
 B = Non-inter-level travel time spent in this place.
 C = Inter-level travel time spent in this place.
 D = Time resting spent in this place.
 E = Time spent auto-exploring this place.
 F = Levels seen in this place.
 G = Mean time per level.
                   A        B        C        D        E       F      G
               +--------+--------+--------+--------+--------+-----+--------+
         Total |   5147 |   4953 |    194 |    296 |   3534 |   7 |  735.3 |
       Dungeon |   5119 |   4938 |    181 |    296 |   3534 |   6 |  853.2 |
        Temple |     27 |     15 |     12 |      0 |      0 |   1 |   27.0 |
               +--------+--------+--------+--------+--------+-----+--------+

Top non-repeatable levels by time:
     D:4: 1386 daAuts
     D:5: 1098 daAuts
     D:1: 1019 daAuts
     D:3: 708 daAuts
     D:2: 605 daAuts
     D:6: 301 daAuts
  Temple: 27 daAuts
